TOP OF THE 1ST |
Memphis Blues batting - Pitching for Santa Fe Diablos : RHP David Green
|
Pitching: RHP David Green
|
|
Batting: RHB Jorge Fuentes
|
0-0: SINGLE (Line Drive, 8RS)
|
Batting: RHB Dave Wookey
|
0-0: Foul Ball, location: 2F 0-1: Called Strike 0-2: Ball 1-2: SINGLE (Groundball, 56D) Jorge Fuentes to second
|
Batting: RHB Michael Elliott
|
0-0: Ball 1-0: Foul Ball, location: 2F 1-1: Ground out 5-3 (Groundball, 56S) Jorge Fuentes to third Dave Wookey to second
|
Batting: RHB Bob Orr
|
0-0: Ball 1-0: Ball 2-0: Ball 3-0: Base on Balls
|
Batting: RHB Dave O'Neill
|
0-0: Ball 1-0: Swinging Strike 1-1: Called Strike 1-2: Strikes out swinging
|
Batting: RHB Chase Mueller
|
0-0: Fly out, F8 (Flyball, 8LM)
|
Top of the 1st over - 0 run(s), 2 hit(s), 0 error(s), 3 left on base; Memphis 0 - Santa Fe 0 |
BOTTOM OF THE 1ST |
Santa Fe Diablos batting - Pitching for Memphis Blues : RHP Kunihiko Daikawa
|
Pitching: RHP Kunihiko Daikawa
|
|
Batting: RHB Henning Huisman
|
0-0: Called Strike 0-1: Foul Ball, location: 2F 0-2: Ball 1-2: Strikes out looking
|
Batting: RHB Robert Johnson
|
0-0: Ball 1-0: Swinging Strike 1-1: Ground out 5-3 (Groundball, 56)
|
Batting: RHB Randy Sheppard
|
0-0: Ball 1-0: SINGLE (Groundball, 6)
|
Batting: RHB Orlando González
|
0-0: Swinging Strike 0-1: Swinging Strike 0-2: Strikes out looking
|
Bottom of the 1st over - 0 run(s), 1 hit(s), 0 error(s), 1 left on base; Memphis 0 - Santa Fe 0 |
TOP OF THE 2ND |
Memphis Blues batting - Pitching for Santa Fe Diablos : RHP David Green
|
Batting: RHB Sadao Kato
|
0-0: Ball 1-0: Ball 2-0: Called Strike 2-1: Ball 3-1: Called Strike 3-2: Foul Ball, location: 2F 3-2: Foul Ball, location: 2F 3-2: Foul Ball, location: 2F 3-2: Base on Balls
|
Batting: RHB Glenn Johnson
|
0-0: Fielders Choice at 2nd, U4 (Groundball, 4M)
|
Batting: RHB Dale O'Feennaghty
|
0-0: Fly out, F9 (Flyball, 89M)
|
Batting: RHB Jorge Fuentes
|
0-0: Called Strike 0-1: Ball 1-1: Ball 2-1: Foul Ball, location: 2F 2-2: Ground out 4-3 (Groundball, 34)
|
Top of the 2nd over - 0 run(s), 0 hit(s), 0 error(s), 1 left on base; Memphis 0 - Santa Fe 0 |
BOTTOM OF THE 2ND |
Santa Fe Diablos batting - Pitching for Memphis Blues : RHP Kunihiko Daikawa
|
Batting: RHB Robinson Pacheco
|
0-0: Ball 1-0: Foul Ball, location: 2F 1-1: Foul Ball, location: 2F 1-2: Ball 2-2: Fly out, F7 (Flyball, 78M)
|
Batting: LHB Roberto Sandoval
|
0-0: Ball 1-0: Ball 2-0: Called Strike 2-1: Swinging Strike 2-2: Ball 3-2: Foul Ball, location: 2F 3-2: Strikes out looking
|
Batting: RHB Ánibal Gonzáles
|
0-0: Ball 1-0: Called Strike 1-1: Swinging Strike 1-2: SOLO HOME RUN (Flyball, 78XD), Distance : 415 ft
|
Batting: RHB Roberto Zamora
|
0-0: Swinging Strike 0-1: Fly out, F7 (Line Drive, 7M)
|
Bottom of the 2nd over - 1 run(s), 1 hit(s), 0 error(s), 0 left on base; Memphis 0 - Santa Fe 1 |
TOP OF THE 3RD |
Memphis Blues batting - Pitching for Santa Fe Diablos : RHP David Green
|
Batting: RHB Dave Wookey
|
0-0: Foul Ball, location: 2F 0-1: Called Strike 0-2: Fly out, F8 (Line Drive, 8LS)
|
Batting: RHB Michael Elliott
|
0-0: Swinging Strike 0-1: TRIPLE (Flyball, 89XD)
|
Batting: RHB Bob Orr
|
0-0: Ball 1-0: Ball 2-0: Ball 3-0: Base on Balls
|
Batting: RHB Dave O'Neill
|
0-0: Called Strike 0-1: Ball 1-1: Foul Ball, location: 2F 1-2: TRIPLE (Line Drive, 9LM) Michael Elliott scores Bob Orr scores
|
Batting: RHB Chase Mueller
|
0-0: Ball 1-0: Foul Ball, location: 2F 1-1: Ball 2-1: SINGLE (Groundball, 15) (infield hit)
|
Batting: RHB Sadao Kato
|
0-0: Called Strike 0-1: Ball 1-1: Called Strike Chase Mueller steals 2nd base 1-2: Fly out, F8 (Flyball, 8RXD) Runner from 3rd tags up, SCORES, no throw Chase Mueller to third
|
Batting: RHB Glenn Johnson
|
0-0: Called Strike 0-1: Ball 1-1: Fly out, F8 (Flyball, 8LD)
|
Top of the 3rd over - 3 run(s), 3 hit(s), 0 error(s), 1 left on base; Memphis 3 - Santa Fe 1 |
BOTTOM OF THE 3RD |
Santa Fe Diablos batting - Pitching for Memphis Blues : RHP Kunihiko Daikawa
|
Batting: LHB Juan Ontiveros
|
0-0: Fly out, F7 (Flyball, 78M)
|
Batting: RHB Henning Huisman
|
0-0: Ground out 5-3 (Groundball, 56)
|
Batting: RHB Robert Johnson
|
0-0: Ball 1-0: Called Strike 1-1: Swinging Strike 1-2: Ball 2-2: Foul Ball, location: 2F 2-2: Ball 3-2: SINGLE (Groundball, 3D)
|
Batting: RHB Randy Sheppard
|
0-0: SINGLE (Groundball, 6MD) Robert Johnson to second
|
Batting: RHB Orlando González
|
0-0: Ball 1-0: Ball 2-0: Ball 3-0: Base on Balls Robert Johnson to third Randy Sheppard to second
|
Batting: RHB Robinson Pacheco
|
0-0: Called Strike 0-1: Ball 1-1: Called Strike 1-2: Ball 2-2: Ball 3-2: DOUBLE (Flyball, 7D) Robert Johnson scores Randy Sheppard scores Orlando González to third Orlando González scores
|
Batting: LHB Roberto Sandoval
|
0-0: Ball 1-0: Foul Ball, location: 2F 1-1: Foul Ball, location: 2F 1-2: Ball 2-2: Foul Ball, location: 2F 2-2: Hit by Pitch
|
Batting: RHB Ánibal Gonzáles
|
0-0: Ball 1-0: Ball 2-0: Ball 3-0: Base on Balls Robinson Pacheco to third Roberto Sandoval to second
|
Batting: RHB Roberto Zamora
|
0-0: Ball 1-0: Swinging Strike 1-1: Called Strike 1-2: Strikes out looking
|
Bottom of the 3rd over - 3 run(s), 3 hit(s), 0 error(s), 3 left on base; Memphis 3 - Santa Fe 4 |
TOP OF THE 4TH |
Memphis Blues batting - Pitching for Santa Fe Diablos : RHP David Green
|
Batting: RHB Dale O'Feennaghty
|
0-0: Ball 1-0: Foul Ball, location: 2F 1-1: Ball 2-1: Ball 3-1: Base on Balls
|
Batting: RHB Jorge Fuentes
|
0-0: Ball 1-0: Called Strike 1-1: SINGLE (Groundball, 25) (infield hit) Dale O'Feennaghty to second
|
Batting: RHB Dave Wookey
|
0-0: Called Strike 0-1: Foul Ball, location: 2F 0-2: Strikes out swinging
|
Batting: RHB Michael Elliott
|
0-0: Ball 1-0: SINGLE (Line Drive, 4MD) Dale O'Feennaghty to third Jorge Fuentes to second
|
Batting: RHB Bob Orr
|
0-0: Ball 1-0: Foul Ball, location: 2F 1-1: Swinging Strike 1-2: Strikes out looking
|
Batting: RHB Dave O'Neill
|
0-0: Ball 1-0: Foul Ball, location: 2F 1-1: Foul Ball, location: 2F 1-2: Ball 2-2: SINGLE (Line Drive, 7S) Dale O'Feennaghty scores Jorge Fuentes to third Michael Elliott to second Runner from 3rd tries for Home, SAFE, no throw or cutoff
|
Batting: RHB Chase Mueller
|
0-0: Ball 1-0: Called Strike 1-1: Swinging Strike 1-2: SINGLE (Groundball, 6MD) Michael Elliott to third Dave O'Neill to second Runner from 3rd tries for Home, SAFE, no throw or cutoff
|
Batting: RHB Sadao Kato
|
0-0: Called Strike 0-1: Foul Ball, location: 2F 0-2: Hit by Pitch Dave O'Neill to third Chase Mueller to second
|
Batting: RHB Glenn Johnson
|
0-0: Ball 1-0: Ball 2-0: Ball 3-0: Called Strike 3-1: Fly out, F4 (Line Drive, 4)
|
Top of the 4th over - 3 run(s), 4 hit(s), 0 error(s), 3 left on base; Memphis 6 - Santa Fe 4 |
BOTTOM OF THE 4TH |
Santa Fe Diablos batting - Pitching for Memphis Blues : RHP Kunihiko Daikawa
|
Batting: LHB Juan Ontiveros
|
0-0: Swinging Strike 0-1: Fly out, F5 (Popup, 5SF)
|
Batting: RHB Henning Huisman
|
0-0: SINGLE (Groundball, 56D)
|
Batting: RHB Robert Johnson
|
0-0: Ball 1-0: Called Strike Henning Huisman is caught stealing 2nd base 1-1: Fly out, F7 (Flyball, 7LM)
|
Bottom of the 4th over - 0 run(s), 1 hit(s), 0 error(s), 0 left on base; Memphis 6 - Santa Fe 4 |
TOP OF THE 5TH |
Memphis Blues batting - Pitching for Santa Fe Diablos : RHP David Green
|
Batting: RHB Dale O'Feennaghty
|
0-0: Called Strike 0-1: Fly out, F9 (Flyball, 89S)
|
Batting: RHB Jorge Fuentes
|
0-0: Ground out 6-3 (Groundball, 56)
|
Batting: RHB Dave Wookey
|
0-0: Called Strike 0-1: Called Strike 0-2: Strikes out swinging
|
Top of the 5th over - 0 run(s), 0 hit(s), 0 error(s), 0 left on base; Memphis 6 - Santa Fe 4 |
BOTTOM OF THE 5TH |
Santa Fe Diablos batting - Pitching for Memphis Blues : RHP Kunihiko Daikawa
|
Batting: RHB Randy Sheppard
|
0-0: Ball 1-0: Foul Ball, location: 2F 1-1: Ball 2-1: Ground out 5-3 (Groundball, 5)
|
Batting: RHB Orlando González
|
0-0: Ball 1-0: Called Strike 1-1: Called Strike 1-2: Ball 2-2: Foul Ball, location: 2F 2-2: Strikes out swinging
|
Batting: RHB Robinson Pacheco
|
0-0: Foul Ball, location: 2F 0-1: Ball 1-1: Foul Ball, location: 2F 1-2: Ball 2-2: Ball 3-2: Strikes out swinging
|
Bottom of the 5th over - 0 run(s), 0 hit(s), 0 error(s), 0 left on base; Memphis 6 - Santa Fe 4 |
TOP OF THE 6TH |
Memphis Blues batting - Pitching for Santa Fe Diablos : RHP David Green
|
Pitching: RHP Clarence Allen
|
|
Batting: RHB Michael Elliott
|
0-0: Ball 1-0: Ball 2-0: Ball 3-0: Called Strike 3-1: Base on Balls
|
Batting: RHB Bob Orr
|
0-0: Foul Ball, location: 2F 0-1: Ball 1-1: DOUBLE (Line Drive, 89XD) Michael Elliott to third Runner from 3rd tries for Home, SAFE, no throw or cutoff
|
Batting: RHB Dave O'Neill
|
0-0: Ball 1-0: Called Strike 1-1: Foul Ball, location: 2F 1-2: Foul Ball, location: 2F 1-2: Foul Ball, location: 2F 1-2: Fly out, F9 (Flyball, 9M)
|
Batting: RHB Chase Mueller
|
0-0: Called Strike 0-1: SINGLE (Line Drive, 6MD) Bob Orr to third Runner from 3rd tries for Home, SAFE, no throw or cutoff
|
Batting: RHB Sadao Kato
|
0-0: Ball Wild Pitch! Chase Mueller to second 1-0: Ball 2-0: Foul Ball, location: 2F 2-1: Ball Wild Pitch! Chase Mueller to third 3-1: Hit by Pitch
|
Batting: RHB Glenn Johnson
|
0-0: Called Strike 0-1: Fly out, F9 (Flyball, 89S)
|
Batting: RHB Dale O'Feennaghty
|
0-0: Ball 1-0: Ball 2-0: Ball 3-0: Called Strike 3-1: Called Strike 3-2: SINGLE (Line Drive, 56) Chase Mueller scores Sadao Kato to second Sadao Kato to third
|
Pitching: LHP Doug Starks
|
|
Batting: RHB Jorge Fuentes
|
0-0: Foul Ball, location: 2F 0-1: Foul Ball, location: 2F 0-2: Foul Ball, location: 2F 0-2: Strikes out swinging
|
Top of the 6th over - 3 run(s), 3 hit(s), 0 error(s), 2 left on base; Memphis 9 - Santa Fe 4 |
BOTTOM OF THE 6TH |
Santa Fe Diablos batting - Pitching for Memphis Blues : RHP Kunihiko Daikawa
|
Pitching: RHP David Bates
|
|
Batting: LHB Roberto Sandoval
|
0-0: Ball 1-0: Called Strike 1-1: Foul Ball, location: 2F 1-2: Ball 2-2: Strikes out swinging
|
Batting: RHB Ánibal Gonzáles
|
0-0: Called Strike 0-1: Ball 1-1: Ball 2-1: Swinging Strike 2-2: Strikes out swinging
|
Batting: RHB Roberto Zamora
|
0-0: Called Strike 0-1: Ball 1-1: SINGLE (Line Drive, 89M)
|
Batting: LHB Juan Ontiveros
|
0-0: Called Strike 0-1: Fly out, F6 (Popup, 56D)
|
Bottom of the 6th over - 0 run(s), 1 hit(s), 0 error(s), 1 left on base; Memphis 9 - Santa Fe 4 |
TOP OF THE 7TH |
Memphis Blues batting - Pitching for Santa Fe Diablos : LHP Doug Starks
|
Batting: RHB Dave Wookey
|
0-0: Foul Ball, location: 2F 0-1: Ball 1-1: Ground out 6-3 (Groundball, 6)
|
Batting: RHB Michael Elliott
|
0-0: Foul Ball, location: 2F 0-1: Called Strike 0-2: Strikes out swinging
|
Batting: RHB Bob Orr
|
0-0: Fly out, F9 (Flyball, 89D)
|
Top of the 7th over - 0 run(s), 0 hit(s), 0 error(s), 0 left on base; Memphis 9 - Santa Fe 4 |
BOTTOM OF THE 7TH |
Santa Fe Diablos batting - Pitching for Memphis Blues : RHP David Bates
|
Batting: RHB Henning Huisman
|
0-0: Ball 1-0: Ball 2-0: Ball 3-0: Called Strike 3-1: Called Strike 3-2: Base on Balls
|
Batting: RHB Robert Johnson
|
0-0: Foul Ball, location: 2F 0-1: Ball Balk! Henning Huisman to second 1-1: Swinging Strike 1-2: Ball 2-2: Ball 3-2: Base on Balls
|
Batting: RHB Randy Sheppard
|
0-0: Ball 1-0: Ball 2-0: Called Strike 2-1: Ball 3-1: Foul Ball, location: 2F 3-2: Base on Balls Henning Huisman to third Robert Johnson to second
|
Batting: RHB Orlando González
|
0-0: Called Strike 0-1: Foul Ball, location: 2F 0-2: Ground out 4-3 (Groundball, 4M) Henning Huisman scores Robert Johnson to third Randy Sheppard to second
|
Batting: RHB Robinson Pacheco
|
0-0: Called Strike 0-1: Ball 1-1: Called Strike 1-2: Ball 2-2: Fly out, F7 (Flyball, 7M) Runner from 3rd tags up, SCORES, throw made
|
Batting: LHB Roberto Sandoval
|
0-0: Ball 1-0: Ball 2-0: Called Strike 2-1: Ball 3-1: Base on Balls
|
Batting: RHB Ánibal Gonzáles
|
0-0: Swinging Strike 0-1: Swinging Strike 0-2: Ball 1-2: Ball 2-2: Foul Ball, location: 2F 2-2: Strikes out swinging
|
Bottom of the 7th over - 2 run(s), 0 hit(s), 0 error(s), 2 left on base; Memphis 9 - Santa Fe 6 |
TOP OF THE 8TH |
Memphis Blues batting - Pitching for Santa Fe Diablos : LHP Doug Starks
|
Batting: RHB Dave O'Neill
|
0-0: Ball 1-0: Ball 2-0: Ball 3-0: Base on Balls
|
Batting: RHB Chase Mueller
|
0-0: Bunted foul 0-1: Sac Bunt - play at first, batter OUT! 4-3 Dave O'Neill to second
|
Batting: RHB Sadao Kato
|
0-0: Ball 1-0: Ball 2-0: Ball 3-0: Called Strike 3-1: Swinging Strike 3-2: Base on Balls
|
Batting: RHB Glenn Johnson
|
0-0: Called Strike 0-1: Ball 1-1: Ball 2-1: Swinging Strike 2-2: Foul Ball, location: 2F 2-2: Reached on Error, E9 (Flyball, 9M) Dave O'Neill to third Sadao Kato to second
|
Batting: RHB Dale O'Feennaghty
|
0-0: Called Strike 0-1: Called Strike 0-2: Ball 1-2: Ball 2-2: Strikes out looking
|
Batting: RHB Jorge Fuentes
|
0-0: Foul Ball, location: 2F 0-1: Ball 1-1: Swinging Strike 1-2: Ball 2-2: Ball 3-2: Base on Balls Dave O'Neill scores Sadao Kato to third Glenn Johnson to second
|
Batting: RHB Dave Wookey
|
0-0: Fly out, F7 (Line Drive, 78S)
|
Top of the 8th over - 1 run(s), 0 hit(s), 1 error(s), 3 left on base; Memphis 10 - Santa Fe 6 |
BOTTOM OF THE 8TH |
Santa Fe Diablos batting - Pitching for Memphis Blues : RHP David Bates
|
Pitching: RHP Randolph Weathersby
|
|
Batting: RHB Roberto Zamora
|
0-0: Ball 1-0: Ball 2-0: Ball 3-0: Called Strike 3-1: Base on Balls
|
Batting: LHB Juan Ontiveros
|
0-0: Ball 1-0: Called Strike 1-1: Grounds into double play, 4-6-3 (Groundball, 4)
|
Batting: RHB Henning Huisman
|
0-0: Ball 1-0: Ball 2-0: Ball 3-0: Called Strike 3-1: Foul Ball, location: 2F 3-2: Foul Ball, location: 2F 3-2: Base on Balls
|
Batting: RHB Robert Johnson
|
0-0: 2-RUN HOME RUN (Flyball, 7D), Distance : 349 ft
|
Batting: RHB Randy Sheppard
|
0-0: Called Strike 0-1: Foul Ball, location: 2F 0-2: Ball 1-2: Foul Ball, location: 2F 1-2: Ground out 5-3 (Groundball, 5S)
|
Bottom of the 8th over - 2 run(s), 1 hit(s), 0 error(s), 0 left on base; Memphis 10 - Santa Fe 8 |
TOP OF THE 9TH |
Memphis Blues batting - Pitching for Santa Fe Diablos : LHP Doug Starks
|
Batting: RHB Michael Elliott
|
0-0: Ball 1-0: Ball 2-0: Ball 3-0: Base on Balls
|
Batting: RHB Bob Orr
|
0-0: Called Strike 0-1: Ball 1-1: Ball Michael Elliott steals 2nd base 2-1: Fly out, F9 (Popup, 34D)
|
Batting: RHB Dave O'Neill
|
0-0: Called Strike 0-1: Ball 1-1: Called Strike 1-2: Ground out 5-3 (Groundball, 56S) Michael Elliott to third
|
Pitching: LHP Daniel Draper
|
|
Batting: RHB Chase Mueller
|
0-0: Called Strike 0-1: Ball 1-1: Called Strike 1-2: Ball 2-2: Strikes out looking
|
Top of the 9th over - 0 run(s), 0 hit(s), 0 error(s), 1 left on base; Memphis 10 - Santa Fe 8 |
BOTTOM OF THE 9TH |
Santa Fe Diablos batting - Pitching for Memphis Blues : RHP Randolph Weathersby
|
Pitching: RHP Lorenzo Diéguez
|
|
Now at C: Elliott Rucker
|
|
Now at 3B: Iván García
|
|
Now at SS: Brent Crawford
|
|
Batting: RHB Orlando González
|
0-0: Ball 1-0: Ground out 5-3 (Groundball, 5)
|
Batting: RHB Robinson Pacheco
|
0-0: Called Strike 0-1: Ball 1-1: Swinging Strike 1-2: Foul Ball, location: 2F 1-2: Foul Ball, location: 2F 1-2: Foul Ball, location: 2F 1-2: Strikes out looking
|
Batting: LHB Roberto Sandoval
|
0-0: Ball 1-0: Swinging Strike 1-1: Ball 2-1: Ball 3-1: Called Strike 3-2: Foul Ball, location: 2F 3-2: Base on Balls
|
Pinch Hitting: RHB Júlio López
|
0-0: Ball 1-0: Ball 2-0: Ball 3-0: Fielders Choice at 2nd, U6 (Groundball, 6M)
|
Bottom of the 9th over - 0 run(s), 0 hit(s), 0 error(s), 1 left on base; Memphis 10 - Santa Fe 8 |
|